 Dungeon Crawl Stone Soup version 0.27.1 (webtiles) character file.

Game seed: 9509308174071822178

1426 VictoriousLee the Zephyrmancer (level 8, -3/41 HPs)
             Began as a Tengu Air Elementalist on Aug 26, 2021.
             Was a Follower of Vehumet.
             Killed from afar by an orc wizard (10 damage)
             ... with a puff of flame
             ... on level 7 of the Dungeon.
             The game lasted 00:44:42 (6594 turns).

VictoriousLee the Zephyrmancer (TeAE)               Turns: 6594, Time: 00:44:43

Health: -3/41      AC:  3    Str:  8    XL:     8   Next: 72%
Magic:  13/17      EV: 14    Int: 24    God:    Vehumet [*.....]
Gold:   370        SH:  0    Dex: 15    Spells: 9/17 levels left

rFire    . . .     SeeInvis .   A - +1 flail (protect)
rCold    . . .     Faith    .   (no shield)
rNeg     . . .     Spirit   .   a - +0 robe
rPois    .         Reflect  .   (helmet restricted)
rElec    .         Harm     .   j - +0 cloak
rCorr    .         Rampage  .   (no gloves)
Will     .....                  (boots unavailable)
Stlth    ++........             (no amulet)
HPRegen  0.13/turn              h - +6 ring of intelligence
MPRegen  0.15/turn              x - ring of wizardry

@: flying quickly and evasively, very slightly contaminated, invisible, quick
A: beak, talons 3, nimble flight
a: Renounce Religion


You were on level 7 of the Dungeon.
You worshipped Vehumet.
Vehumet was aware of your devotion.
You visited 2 branches of the dungeon, and saw 8 of its levels.

You collected 370 gold pieces.

Inventory:

Hand Weapons
 p - a +0 dagger
 A - a +1 flail of protection (weapon)
 J - a +0 hand crossbow
 Q - a +1 dagger of venom
Missiles
 e - 170 stones
 o - 12 curare-tipped darts
 y - 7 javelins
 G - 4 atropa-tipped darts
 H - 43 poisoned darts
 K - 14 bolts
Armour
 a - a +0 robe (worn)
 j - a +0 cloak (worn)
 N - a +0 leather armour
 R - a +2 ring mail of poison resistance
Jewellery
 b - a ring of ice
 h - a +6 ring of intelligence (left hand)
 u - a ring of resist corrosion
 x - a ring of wizardry (right hand)
 C - a ring of protection from cold
Wands
 I - a wand of paralysis (23)
 L - a wand of charming (10)
 M - a wand of iceblast (6)
 T - a wand of acid (7)
Scrolls
 c - 3 scrolls of teleportation
 f - a scroll of enchant weapon {unknown}
 i - a scroll of silence {unknown}
 k - a scroll of holy word {unknown}
 m - a scroll of fog
 q - a scroll of vulnerability {unknown}
 t - a scroll of magic mapping {unknown}
 B - a scroll of blinking {unknown}
 E - a scroll of brand weapon {unknown}
 O - a scroll of summoning {unknown}
 P - a scroll of fear {unknown}
Potions
 g - a potion of ambrosia
 l - 2 potions of berserk rage
 n - a potion of attraction
 r - 3 potions of might
 s - 2 potions of lignification {unknown}
 v - 3 potions of haste {unknown}
 w - a potion of brilliance {unknown}
 z - a potion of heal wounds {unknown}
 D - 2 potions of mutation {unknown}
 F - a potion of degeneration {unknown}
 S - a potion of curing {unknown}


   Skills:
 - Level 2.1 Dodging
 - Level 2.0 Stealth
 + Level 5.3 Spellcasting
 + Level 6.8 Conjurations
 * Level 1.6 Fire Magic
 - Level 10.0 Air Magic


You had 9 spell levels left.
You knew the following spells:

 Your Spells              Type           Power      Damage    Failure   Level
a - Airstrike             Air            26%        N/A       1%          4
d - Static Discharge      Conj/Air       46%        N/A       1%          2
f - Foxfire               Conj/Fire      100%       2x1d9     1%          1
s - Shock                 Conj/Air       100%       1d9       1%          1

Your spell library contained the following spells:

 Spells                   Type           Power      Damage    Failure   Level
 Swiftness                Air            53%        N/A       1%          3


Dungeon Overview and Level Annotations

Branches:
Dungeon (7/15)             Temple (1/1) D:5

Altars:
Ashenzari
Cheibriados
Dithmenos
Elyvilon
Fedhas
Gozag
Hepliaklqana
Makhleb
Nemelex Xobeh
Okawaru
Qazlal
Ru
Sif Muna
Trog
Uskayaw
Vehumet
Wu Jian
Xom
Yredelemnul
The Shining One


Innate Abilities, Weirdness & Mutations

You have a beak for a mouth.
You have claws for feet.
Your magical nature lets you fly swiftly and evasively.


Message History

Casting: Shock (safe; 1% risk of failure)
Confirm with . or Enter, or press ? or * to list all spells.
The orc warrior is struck by an arc of lightning!
The orc warrior is heavily wounded.
The orc is struck by an arc of lightning!
You kill the orc!
Vehumet accepts your kill.
The orc warrior is struck by an arc of lightning.
The orc warrior is severely wounded.
The lightning grounds out.
The orc warrior hits you with a +0 hand axe!
* * * LOW HITPOINT WARNING * * *
You hear a shout!
Casting: Static Discharge (safe; 1% risk of failure)
Confirm with . or Enter, or press ? or * to list all spells.
The orc warrior is struck by an arc of lightning!
The orc warrior is almost dead.
You are struck by an arc of lightning.
* * * LOW HITPOINT WARNING * * *
The lightning grounds out.
An orc priest comes into view. It is wielding a +0 hand axe.
The orc warrior hits you with a +0 hand axe!
* * * LOW HITPOINT WARNING * * *
Aiming: Iceblast
Press: ? - help, Shift-Dir - straight line, f - orc warrior
Aim: an orc warrior, wielding a +0 hand axe and wearing a +0 plate armour (almost dead)
The mass of ice explodes!
The iceblast engulfs the orc warrior.
You kill the orc warrior!
Vehumet accepts your kill.
The iceblast engulfs something!
The iceblast engulfs the orc priest!
You kill the orc priest!
Vehumet accepts your kill.
You hear a shout! x2
Your Fire Magic skill increases to level 1!
You fade into invisibility!
You are very lightly contaminated with residual magic.
There is an open door here.
A puff of flame appears from out of thin air!
The puff of flame hits you!
You die...

######### #.......# ######
#.......#### #.....
######..........###.....
#.................'..... ###
#.####..........###..... ..# #.#
#.@....{...# #..... ..#### #.#
#.......#### #..... .....# #.#
#....[..########.o.
####.#####.#############..^8^....
<................. ##.#####...
.................. .....>)....
...........####### ###.#o#####
############ .. ...


There were no monsters in sight!

Vanquished Creatures
  An orc warrior (D:7)
  A sky beast (D:6)
  An ice beast (D:7)
  A black bear (D:4)
  A kobold brigand (D:6)
  A bullfrog (D:5)
  3 scorpions
  2 water moccasin zombies
  A water moccasin skeleton (D:4)
  A centaur zombie (D:5)
  3 orc priests
  6 hounds
  A jelly (D:6)
  An iguana (D:4)
  2 orc wizards (D:7)
  A hound skeleton (D:5)
  3 adders
  2 white imps (D:6)
  An ufetubus (D:4)
  2 adder skeletons
  5 worms
  4 dart slugs
  10 orcs
  6 bats
  5 endoplasms
  A giant cockroach (D:1)
  6 goblins
  5 hobgoblins
  A quokka (D:2)
  8 ball pythons
  3 frilled lizards
  14 kobolds
  6 rats
109 creatures vanquished.

Vanquished Creatures (others)
  2 demonic plants (D:3)
  A plant (D:3)
3 creatures vanquished.

Grand Total: 112 creatures vanquished

Notes
Turn   | Place    | Note
-------+----------+-------------------------------------------
     0 | D:1      | VictoriousLee the Tengu Air Elementalist began the quest
                  | for the Orb.
     0 | D:1      | Reached XP level 1. HP: 10/10 MP: 4/4
     3 | D:1      | Noticed a demigod
     3 | D:1      | Noticed a tengu
     5 | D:1      | Noticed a minotaur
     5 | D:1      | Noticed a ghoul
     7 | D:1      | Noticed a palentonga
     7 | D:1      | Noticed a spriggan
     9 | D:1      | Noticed a demonspawn
     9 | D:1      | Noticed an octopode
    11 | D:1      | Noticed a gargoyle
    11 | D:1      | Noticed a formicid
    13 | D:1      | Noticed a draconian
    15 | D:1      | Noticed a barachi
    15 | D:1      | Noticed a dwarf
    18 | D:1      | Noticed a merfolk
    18 | D:1      | Noticed a vine stalker
    20 | D:1      | Noticed a troll
    22 | D:1      | Noticed a vampire
    22 | D:1      | Noticed an ogre
    24 | D:1      | Noticed a human
    24 | D:1      | Noticed an elf
    26 | D:1      | Noticed a djinni
    28 | D:1      | Noticed a felid
    28 | D:1      | Noticed a naga
   179 | D:1      | Reached XP level 2. HP: 15/15 MP: 4/6
   627 | D:1      | Learned a level 2 spell: Static Discharge
  1002 | D:2      | Reached XP level 3. HP: 19/19 MP: 3/7
  1590 | D:3      | Found a faded altar of an unknown god.
  1791 | D:3      | Reached XP level 4. HP: 20/24 MP: 5/10
  1876 | D:3      | Found a glowing golden altar of the Shining One.
  2614 | D:4      | Found a hazy altar of Hepliaklqana.
  2620 | D:4      | Found a stormy altar of Qazlal.
  3152 | D:4      | Gained mutation: Your magical nature lets you fly swiftly
                  | and evasively. [Tengu growth]
  3152 | D:4      | Reached XP level 5. HP: 28/28 MP: 6/12
  3170 | D:4      | Reached skill level 5 in Air Magic
  3494 | D:4      | Learned a level 4 spell: Airstrike
  3546 | D:5      | Entered Level 5 of the Dungeon
  3572 | D:4      | Reached skill level 6 in Air Magic
  3624 | D:5      | Noticed a black bear
  3631 | D:4      | Reached XP level 6. HP: 28/32 MP: 8/13
  3708 | D:4      | Killed a black bear
  3709 | D:4      | Reached skill level 7 in Air Magic
  3982 | D:5      | Reached skill level 8 in Air Magic
  3995 | D:5      | Found a staircase to the Ecumenical Temple.
  4006 | Temple   | Entered the Ecumenical Temple
  4089 | Temple   | Became a worshipper of Vehumet
  4127 | D:5      | Reached XP level 7. HP: 36/36 MP: 9/14
  4280 | D:5      | Reached skill level 9 in Air Magic
  4786 | D:6      | Found a snail-covered altar of Cheibriados.
  4787 | D:6      | Found a bloodstained altar of Trog.
  4788 | D:6      | Found an opulent altar of Gozag.
  5048 | D:6      | Reached skill level 10 in Air Magic
  5048 | D:6      | Reached XP level 8. HP: 28/41 MP: 8/15
  5447 | D:6      | Reached skill level 5 in Conjurations
  5777 | D:7      | Found a basalt altar of Yredelemnul.
  6350 | D:7      | Reached skill level 5 in Spellcasting
  6456 | D:7      | Reached * piety under Vehumet
  6456 | D:7      | Offered knowledge of Foxfire by Vehumet.
  6459 | D:7      | Learned a level 1 spell: Foxfire
  6577 | D:7      | Reached skill level 1 in Fire Magic
  6594 | D:7      | Killed from afar by an orc wizard

Illustrated notes

Levels and vault maps discovered:
D:1:      kb_arrival_jail, layout_rooms, hangedman_abyss_or_decor_lesser_grid
D:2:      layout_basic
D:3:      cheibrodos_helix_gallery, layout_rooms,
          mainiacjoe_overflow_tiny_flanked, shapermc_ecumenical_altar_gd,
          serial_bayou_pond_d
D:4:      layout_basic, grunt_qazlal_clouds, mainiacjoe_overflow_alcove_1
D:5:      layout_cave_pools, minmay_temple_entry_arrows
D:6:      layout_rooms, chequers_temple_overflow_statue_of_worship,
          item_on_display_a
D:7:      layout_basic, yredelemnul_altar_generic, ebering_dispersal_statue_hall
Temple:   nicolae_temple_god_jail

Skill      XL: |  1  2  3  4  5  6  7  8 |
---------------+-------------------------+-----
Conjurations   | 2 3 4 6 |  6.8
Spellcasting   | 3 4 5 |  5.3
Air Magic      | 6 8 10 | 10.0
Fire Magic     | 1 |  1.6
Dodging        | |  2.1
Stealth        | |  2.0

Action                   |  1- 3 |  4- 6 |  7- 9 || total
-------------------------+-------+-------+-------++-------
Melee: Mace              |     4 |       |       ||     4
       Peck              |     2 |     1 |     1 ||     4
       Flail             |       |    10 |    13 ||    23
       Kick              |       |     3 |     3 ||     6
 Cast: Shock             |    86 |    97 |    75 ||   258
       Airstrike         |       |       |    13 ||    13
       Static Discharge  |       |       |     2 ||     2
Evoke: Wand              |       |       |     1 ||     1
  Use: Scroll            |       |     1 |     7 ||     8
       Potion            |       |       |     1 ||     1
Armor: Robe              |     1 |     9 |     3 ||    13
Dodge: Dodged            |     5 |    21 |    19 ||    45
